 Dungeon Crawl Stone Soup version 0.24-a0-459-g225fefd530 (webtiles) character file.

Game seed: 16199414467986538435

639 forest the Covert (level 7, -5/36 HPs)
             Began as a Spriggan Assassin on June 30, 2019.
             Shot with an arrow by a centaur (15 damage)
             ... on level 5 of the Dungeon.
             The game lasted 00:12:43 (5679 turns).

forest the Covert (Spriggan Assassin)               Turns: 5679, Time: 00:12:44

Health: -5/36      AC:  3    Str:  8    XL:     7   Next: 26%
Magic:  9/9        EV: 19    Int: 13    God:
Gold:   251        SH:  0    Dex: 18    Spells: 5/8 levels left

rFire    . . .     SeeInvis +   a - +2 dagger
rCold    . . .     Gourm    .   (shield restricted)
rNeg     . . .     Faith    .   b - +0 robe
rPois    .         Spirit   .   (helmet restricted)
rElec    .         Reflect  .   c - +0 cloak
rCorr    .         Harm     .   (gloves unavailable)
MR       +....                  (boots unavailable)
Stlth    ++++......             (no amulet)
HPRegen  0.12/turn              (no ring)
MPRegen  0.11/turn              (no ring)

@: lethally poisoned (-5 -> -9), very quick
A: very small, unfitting armour, see invisible, herbivore, speed 3, slow
metabolism 2
a: no special abilities


You were on level 5 of the Dungeon.
You were not hungry.

You visited 1 branch of the dungeon, and saw 5 of its levels.

You collected 251 gold pieces.

Inventory:

Hand Weapons
 a - a +2 dagger (weapon)
 m - a +0 hunting sling
Missiles
 d - 55 poisoned darts (quivered)
 e - a curare-tipped dart
 h - 11 boomerangs
 o - 131 stones
Armour
 b - a +0 robe (worn)
 c - a +0 cloak (worn)
Jewellery
 u - an uncursed ring of protection from fire {unknown}
Scrolls
 g - 10 scrolls of identify {unknown}
 j - 2 scrolls of blinking
 l - 4 scrolls of amnesia {unknown}
 n - 2 scrolls of enchant weapon {unknown}
 r - 2 scrolls of magic mapping {unknown}
 s - 4 scrolls of teleportation {unknown}
 w - 3 scrolls of immolation {unknown}
 y - 2 scrolls of enchant armour {unknown}
 z - a scroll of remove curse {unknown}
Potions
 i - a potion of agility {unknown}
 k - 3 potions of heal wounds {unknown}
 p - a potion of flight {unknown}
 q - 6 potions of curing
 t - 2 potions of invisibility {unknown}
 v - a potion of experience {unknown}
 x - 2 potions of degeneration {unknown}
 A - a potion of haste {unknown}
Comestibles
 f - 3 rations


   Skills:
 + Level 3.0 Fighting
 + Level 4.1 Short Blades
 + Level 3.1(3.7) Slings
 + Level 2.4(3.0) Throwing
 + Level 3.7 Dodging
 + Level 9.2 Stealth
 + Level 1.3 Spellcasting
 + Level 1.0 Hexes


You had 5 spell levels left.
You knew the following spells:

 Your Spells              Type           Power        Failure   Level  Hunger
a - Confusing Touch       Hex            #.....       19%         1    ##.....
b - Passwall              Tmut/Erth      #.......     38%         2    ###....

Your spell library contained the following spells:

 Spells                   Type           Power        Failure   Level  Hunger
 Sandblast                Erth           #.....       26%         1    ##.....
 Confuse                  Hex            #.......     47%         3    ####...
 Gell's Gravitas          Tloc           #.........   63%         3    ####...
 Stone Arrow              Conj/Erth      #.....       63%         3    ####...
 Petrify                  Tmut/Erth      #.......     95%         4    #####..
 Metabolic Englaciation   Hex/Ice        #.........   99%         5    ######.
 Yara's Violent Unravell  Hex/Tmut       #.........   99%         5    ######.
 Lee's Rapid Deconstruct  Erth           #.........   100%        5    ######.


Dungeon Overview and Level Annotations

Branches:
Dungeon (5/15)
 Temple: D:4-7

Altars:
Elyvilon
Fedhas
Gozag
Ru
Yredelemnul


Innate Abilities, Weirdness & Mutations

You are very small and have problems with some larger weapons.
You are too small for most types of armour.
You have supernaturally acute eyesight. (SInv)
You are a herbivore.
You cover ground extremely quickly.
You need to consume almost no food.


Message History

You climb downwards.
There is a stone staircase leading up here.
A worker ant comes into view.
A centaur comes into view.
The centaur wields a +0 shortbow.
The centaur shoots an arrow.
The arrow closely misses you.
The centaur shoots an arrow.
The arrow closely misses you.
The worker ant twitches its antennae in your direction.
You hit the worker ant but do no damage.
The worker ant bites you.
You are poisoned.
The worker ant poisons you!
The centaur shoots an arrow.
The arrow hits you!
You feel sick.
The centaur shoots an arrow.
The arrow hits you!
You see here 2 arrows.
The centaur shoots an arrow.
The arrow hits you.
You see here 2 arrows.
You feel sick.
The centaur shoots an arrow.
The arrow closely misses you.
You see here an arrow.
The centaur shoots an arrow.
The arrow hits you!
You die...

### .# #.##.# #..#.#
##..#.##
########......## #
####a(#...<.......## #
###..(..@.#####......##
#......#### ##......##
#.......## #.......##
##......# ##........
#.....## #......#.
#..c.## ##.....## #...#
#.....## #### ##....#
#....#


You could see a centaur and a worker ant.

Vanquished Creatures
  An orc warrior (D:1)
  2 sky beasts (D:5)
  A bullfrog (D:5)
  A howler monkey (D:4)
  2 orc wizards (D:2)
  A worker ant (D:5)
  A hound zombie (D:5)
  6 adders
  An ooze (D:4)
  An adder skeleton (D:5)
  3 worms (D:2)
  2 dart slugs (D:1)
  2 leopard geckos
  3 orcs
  6 bats
  8 giant cockroaches
  11 goblins
  4 hobgoblins
  8 jackals
  A quokka (D:4)
  A ball python (D:3)
  3 frilled lizards
  4 kobolds
  A leopard gecko skeleton (D:5)
  11 rats
85 creatures vanquished.

Notes
Turn   | Place    | Note
-------+----------+-------------------------------------------
     0 | D:1      | forest the Spriggan Assassin began the quest for the Orb.
     0 | D:1      | Reached XP level 1. HP: 10/10 MP: 2/2
    89 | D:1      | Reached skill level 6 in Stealth
   310 | D:1      | Reached XP level 2. HP: 14/14 MP: 3/3
   830 | D:1      | Reached skill level 7 in Stealth
   854 | D:1      | Reached XP level 3. HP: 18/18 MP: 4/4
  1079 | D:1      | You fall into a shaft and drop 1 floor!
  1365 | D:2      | Learned a level 1 spell: Confusing Touch
  1784 | D:2      | Noticed an orc warrior
  1977 | D:1      | Killed an orc warrior
  1977 | D:1      | Reached XP level 4. HP: 12/23 MP: 4/6
  1977 | D:1      | Reached XP level 5. HP: 13/26 MP: 4/7
  2288 | D:2      | Reached skill level 1 in Spellcasting
  2579 | D:2      | Found a sacrificial altar of Ru.
  2579 | D:2      | Found a basalt altar of Yredelemnul.
  2581 | D:2      | Found a white marble altar of Elyvilon.
  2746 | D:2      | Found a blossoming altar of Fedhas.
  3199 | D:3      | Reached skill level 8 in Stealth
  3436 | D:3      | Reached XP level 6. HP: 30/30 MP: 8/8
  4293 | D:4      | Found an opulent altar of Gozag.
  4656 | D:5      | Entered Level 5 of the Dungeon
  4666 | D:5      | Noticed a sky beast
  4673 | D:5      | Killed a sky beast
  4676 | D:5      | Noticed a sky beast
  4684 | D:5      | Killed a sky beast
  4684 | D:5      | Reached skill level 9 in Stealth
  4684 | D:5      | Reached skill level 1 in Hexes
  4686 | D:5      | Reached XP level 7. HP: 35/35 MP: 9/9
  4915 | D:5      | Learned a level 2 spell: Passwall
  5679 | D:5      | Shot with an arrow by a centaur

Levels and vault maps discovered:
D:1:      denvon_arrival_planthouse, layout_basic
D:2:      layout_loops_cross, overflow_temple_1_default,
          chequers_temple_overflow_statue_of_worship, first_ration,
          serial_glass, glass_columns_a, glass_columns_b, glass_columns_a,
          glass_columns_b, glass_columns_a, glass_columns_a, grunt_ministairs_15
D:3:      layout_rooms
D:4:      layout_cave_pods, lemuel_crystal_altar, item_on_display_a
D:5:      layout_cave_pods, kennysheep_generic_room_10

Skill      XL: |  1  2  3  4  5  6  7 |
---------------+----------------------+-----
Stealth        | 6 7 8 9 |  9.2
Dodging        | 2 3 |  3.7
Fighting       | 2 3 |  3.0
Slings         | 2 3 |  3.1
Spellcasting   | 1 |  1.3
Short Blades   | 3 4 |  4.1
Hexes          | 1 |  1.0
Throwing       | |  2.4

Action                   |  1- 3 |  4- 6 |  7- 9 || total
-------------------------+-------+-------+-------++-------
Melee: Dagger            |   143 |   145 |    69 ||   357
 Fire: Hunting sling     |    19 |       |       ||    19
Throw: Dart              |    15 |       |       ||    15
 Cast: Confusing Touch   |     5 |     4 |     2 ||    11
       Passwall          |       |       |     2 ||     2
  Use: Scroll            |     1 |       |       ||     1
 Stab: Sleeping          |     9 |     8 |     3 ||    20
       Confused          |     2 |     3 |     2 ||     7
       Distracted        |       |     1 |       ||     1
  Eat: Ration            |       |     1 |     1 ||     2
Armor: Robe              |    21 |     9 |     8 ||    38
Dodge: Dodged            |   140 |   118 |    57 ||   315

Table legend:
 A = Non-vault XP
 B = Vault XP
 C = Vault XP percentage of total XP
 D = Non-vault monster count
 E = Vault monster count
 F = Vault count percentage of total count
                 A         B        C        D         E       F
            +---------+---------+-------+---------+---------+-------
      Total |     681 |     233 |  25.5 |      79 |       6 |   7.1
            +---------+---------+-------+---------+---------+-------
        D:1 |      53 |     149 |  73.8 |      29 |       4 |  12.1
        D:2 |      61 |      84 |  57.9 |      17 |       2 |  10.5
        D:3 |      36 |       0 |   0.0 |       9 |       0 |   0.0
        D:4 |      95 |       0 |   0.0 |      13 |       0 |   0.0
        D:5 |     436 |       0 |   0.0 |      11 |       0 |   0.0
            +---------+---------+-------+---------+---------+-------
